 Dungeon Crawl Stone Soup version 0.25-a0-697-g890751e744 (webtiles) character file.

Game seed: 10564946810671050215, levelgen mode: deterministic

44 trocado the Covered (level 3, -2/29 HPs)
             Began as a Human Fighter on Apr 1, 2020.
             Killed from afar by Sigmund (7 damage)
             ... with a magic dart
             ... on level 2 of the Dungeon on Apr 2, 2020.
             The game lasted 00:26:53 (890 turns).

trocado the Covered (Human Fighter)                  Turns: 890, Time: 00:26:54

Health: -2/29      AC:  8    Str: 17    XL:     3   Next: 87%
Magic:  3/3        EV:  7    Int:  8    God:
Gold:   107        SH:  9    Dex: 12    Spells: 2/2 levels left

rFire    . . .     SeeInvis .   a - +0 flail
rCold    . . .     Gourm    .   c - +0 kite shield
rNeg     . . .     Faith    .   b - +0 scale mail
rPois    .         Spirit   .   (no helmet)
rElec    .         Reflect  .   r - +0 cloak
rCorr    .         Harm     .   (no gloves)
MR       .....                  (no boots)
Stlth    ..........             (no amulet)
HPRegen  0.09/turn              (no ring)
MPRegen  0.08/turn              (no ring)

@: no status effects
A: no striking features
a: no special abilities


You were on level 2 of the Dungeon.
You were not hungry.

You visited 1 branch of the dungeon, and saw 2 of its levels.

You collected 107 gold pieces.

Inventory:

Hand Weapons
 a - a +0 flail (weapon)
 h - a +0 hunting sling
 k - a +0 club
 s - a +0 whip
Missiles
 e - 35 stones (quivered)
 i - 32 sling bullets
Armour
 b - a +0 scale mail (worn)
 c - a +0 kite shield (worn)
 n - a +0 ring mail
 o - a +0 scale mail
 r - a +0 cloak (worn)
Scrolls
 g - 2 scrolls of teleportation {unknown}
 j - 2 scrolls of enchant weapon {unknown}
 l - 3 scrolls of identify {unknown}
 m - a scroll of remove curse {unknown}
Potions
 d - 2 potions of might
 q - a potion of curing {unknown}
 t - 2 potions of degeneration {unknown}
Comestibles
 f - 3 rations


   Skills:
 + Level 3.2 Fighting
 + Level 2.6 Maces & Flails
 + Level 0.5 Throwing
 + Level 3.4 Armour
 + Level 3.3 Shields


You had 2 spell levels left.
You didn't know any spells.
Your spell library was empty.

Dungeon Overview and Level Annotations

Branches:
Dungeon (2/15)

Altars:

Annotations:
D:2 Sigmund


Message History

Aim: Sigmund, wielding a +1 scythe of protection and wearing a +0 robe You throw a stone.
The stone barely misses Sigmund.
You block Sigmund's attack. You block Sigmund's attack.
You closely miss Sigmund.
Sigmund hits you with a +1 scythe of protection.
You hit Sigmund but do no damage.
You feel sick.
You are no longer poisoned.
Sigmund screams, "Don't try to resist!"
Sigmund hits you with a +1 scythe of protection.
* * * LOW HITPOINT WARNING * * *
Sigmund flickers, as though insubstantial.
Sigmund gestures wildly while chanting.
Sigmund flickers and vanishes!
Deactivating autopickup; reactivate with Ctrl-A.
A magic dart appears from out of thin air!
The magic dart hits you.
* * * LOW HITPOINT WARNING * * *
A magic dart appears from out of thin air!
The magic dart hits you!
You die...

#.#.......# #
#..@........##.##.#
...####............#
#########{####
#######.# #.......#
######.#####.#
#.......####.#
#.......#..@.#
#....<..#.##.#
#.......#.##.#
#............######
#.......#†#.......#
#.......#.#.#####.#
##..####.#.#.# #.#
#........#...# #.#
#..#####.###.# #.#


There were no monsters in sight!

Vanquished Creatures
  An adder (D:2)
  2 dart slugs (D:1)
  A leopard gecko (D:1)
  3 giant cockroaches
  6 goblins
  4 hobgoblins
  4 bats (D:1)
  4 kobolds (D:1)
  A rat (D:1)
26 creatures vanquished.

Vanquished Creatures (others)
  A rat (D:1)
1 creature vanquished.

Grand Total: 27 creatures vanquished

Notes
Turn   | Place    | Note
-------+----------+-------------------------------------------
     0 | D:1      | trocado the Human Fighter began the quest for the Orb.
     0 | D:1      | Reached XP level 1. HP: 18/18 MP: 1/1
    86 | D:2      | Reached XP level 2. HP: 15/24 MP: 2/2
   459 | D:1      | Reached XP level 3. HP: 29/29 MP: 3/3
   863 | D:2      | Noticed Sigmund
   890 | D:2      | Killed from afar by Sigmund

Levels and vault maps discovered:
D:1:      minmay_arrival_up_and_down, layout_loops_corners
D:2:      layout_loops_cross, gammafunk_temple_overflow_forgotten,
          uniq_crazy_yiuf_cottage, uniq_sigmund

Action                   || total
-------------------------++-------
Melee: Flail             ||    85
Throw: Stone             ||    50
Armor: Scale mail        ||    20
       Ring mail         ||    19
Dodge: Dodged            ||    15
Block: Kite shield       ||    63

Table legend:
 A = Non-vault XP
 B = Vault XP
 C = Vault XP percentage of total XP
 D = Non-vault monster count
 E = Vault monster count
 F = Vault count percentage of total count
                 A         B        C        D         E       F
            +---------+---------+-------+---------+---------+-------
      Total |      64 |       0 |   0.0 |      26 |       0 |   0.0
            +---------+---------+-------+---------+---------+-------
        D:1 |      36 |       0 |   0.0 |      18 |       0 |   0.0
        D:2 |      28 |       0 |   0.0 |       8 |       0 |   0.0
            +---------+---------+-------+---------+---------+-------
